 Dungeon Crawl Stone Soup version 0.21.1-1-g345015fe64 (webtiles) character file.

222 Mrkan the Ruffian (level 5, 0/50 HPs)
             Began as a Troll Monk on May 10, 2018.
             Slain by a bullfrog (7 damage)
             ... in a sewer.
             The game lasted 00:04:25 (2359 turns).

Mrkan the Ruffian (Troll Monk)                      Turns: 2359, Time: 00:04:26

Health: 0/50       AC:  6    Str: 19    XL:     5   Next: 66%
Magic:  4/4        EV: 10    Int:  6    God:
Gold:   178        SH:  0    Dex: 13    Spells: 4/4 levels left

rFire    . . .     SeeInvis .     - Unarmed
rCold    . . .     Gourm    +   (no shield)
rNeg     . . .     Faith    .   a - +0 robe
rPois    .         Spirit   .   (helmet restricted)
rElec    .         Reflect  .   f - +0 cloak
rCorr    .         Harm     .   (gloves unavailable)
MR       .....                  (boots unavailable)
Stlth    ++........             (no amulet)
HPRegen  0.56/turn              (no ring)
MPRegen  0.09/turn              (no ring)

@: lethally poisoned (0 -> -8), very slow
A: large, unfitting armour, claws 3, fast metabolism 3, gourmand, regeneration
1, shaggy fur 1, tough skin 2
a: no special abilities


You were in a sewer.
You were completely stuffed.

You visited 1 branch of the dungeon, and saw 3 of its levels.
You also visited: Sewer.

You collected 178 gold pieces.

Inventory:

Armour
 a - a +0 robe (worn)
 f - a +0 cloak (worn)
Jewellery
 g - an uncursed ring of wizardry {unknown}
Scrolls
 c - a scroll of amnesia {unknown}
 d - 3 scrolls of fog {unknown}
 e - a scroll of identify {unknown}
 h - a scroll of immolation {unknown}
 k - a scroll of blinking {unknown}
 n - a scroll of magic mapping {unknown}
 o - 4 scrolls of teleportation {unknown}
Potions
 i - 2 potions of agility {unknown}
 j - 2 potions of heal wounds {unknown}
 m - 2 potions of curing {unknown}
 p - 2 potions of magic {unknown}
Comestibles
 b - 5 rations
 l - 14 chunks of flesh


   Skills:
 - Level 2.4 Fighting
 - Level 2.4 Dodging
 - Level 1.0 Stealth
 * Level 6.4 Unarmed Combat


You had 4 spell levels left.
You didn't know any spells.

Dungeon Overview and Level Annotations

Branches:
Dungeon (3/15)

Altars:
Cheibriados
Nemelex Xobeh
Vehumet


Innate Abilities, Weirdness & Mutations

You are too large for most types of armour.
You have claws for hands.
Your metabolism is lightning-fast.
You like to eat raw meat.
Your natural rate of healing is unusually fast.
You are covered in fur. (AC +1)
You have very tough skin. (AC +2)


Message History

You are more poisoned.
The adder poisons you! The adder bites you.
* * * LOW HITPOINT WARNING * * *
You are more poisoned.
The adder poisons you!
You scratch the bullfrog.
The bullfrog is heavily wounded.
You feel sick. The bullfrog hits you.
* * * LOW HITPOINT WARNING * * *
The bullfrog closely misses you.
The adder bites you but does no damage. x3
The bullfrog hits you but does no damage.
You scratch the bullfrog.
The bullfrog is severely wounded.
* * * LOW HITPOINT WARNING * * *
You feel sick. The bullfrog closely misses you. The adder bites you.
* * * LOW HITPOINT WARNING * * *
The adder bites you but does no damage.
The bullfrog hits you but does no damage.
The adder bites you but does no damage. The bullfrog hits you!
You die...

####################
..≈≈≈≈≈≈SFS≈≈≈≈≈≈#.###
..≈≈≈≈≈≈SS@#≈≈≈≈≈....##
.≈≈≈≈≈≈#≈S#Fl≈≈≈≈≈....#
..≈≈≈≈≈≈≈≈≈≈≈≈≈≈≈≈....#
.≈≈≈≈≈≈≈≈≈≈≈≈≈≈≈≈≈....##
.#≈≈≈≈≈≈≈≈≈≈≈≈≈≈≈#.....#
##################....#
####...## #..#....#
#..'....#


You could see 2 bullfrogs, 3 adders, 2 ball pythons and a frilled lizard.

Vanquished Creatures
  Robin (D:3)
  6 adders
  7 river rats (Sewer)
  A worm (D:2)
  A dart slug (D:1)
  A leopard gecko (D:3)
  5 orcs (D:3)
  11 ball pythons
  5 giant cockroaches
  11 goblins
  5 hobgoblins
  2 jackals (D:1)
  A kobold (D:2)
  A quokka (D:3)
  3 bats
  3 frilled lizards
  31 rats
95 creatures vanquished.

Notes
Turn   | Place    | Note
-------+----------+-------------------------------------------
     0 | D:1      | Mrkan the Troll Monk began the quest for the Orb.
     0 | D:1      | Reached XP level 1. HP: 22/22 MP: 0/0
   215 | D:1      | Reached XP level 2. HP: 29/29 MP: 1/1
   297 | D:1      | Found a snail-covered altar of Cheibriados.
   682 | D:1      | Reached skill level 4 in Unarmed Combat
  1038 | D:2      | Reached XP level 3. HP: 27/36 MP: 2/2
  1101 | D:2      | Found a radiant altar of Vehumet.
  1700 | D:3      | Noticed Robin
  1728 | D:3      | Found a sparkling altar of Nemelex Xobeh.
  1731 | D:3      | Killed Robin
  1731 | D:3      | Reached XP level 4. HP: 22/44 MP: 3/3
  1826 | D:3      | Reached skill level 5 in Unarmed Combat
  1964 | D:3      | Found a glowing drain.
  1976 | Sewer    | Entered a sewer
  2008 | Sewer    | Reached XP level 5. HP: 21/50 MP: 4/4
  2134 | Sewer    | Reached skill level 6 in Unarmed Combat
  2359 | Sewer    | Slain by a bullfrog

Skill      XL: |  1  2  3  4  5 |
---------------+----------------+-----
Unarmed Combat | 4 5 6 |  6.4
Fighting       | |  2.4
Dodging        | |  2.4
Stealth        | |  1.0

Action                   |  1- 3 |  4- 6 || total
-------------------------+-------+-------++-------
Melee: Unarmed           |    96 |   130 ||   226
       Punch             |     1 |     4 ||     5
 Stab: Sleeping          |     3 |       ||     3
  Eat: Chunk             |    16 |    12 ||    28
Armor: Robe              |    57 |    76 ||   133
Dodge: Dodged            |    66 |   117 ||   183
